 Dungeon Sprint DCSS version 0.27-a0-637-g3a9f0a9c12 (webtiles) character file.

Game seed: 9487313285085032556

168 mhtbhm the Covered (level 5, -8/52 HPs)
             Began as a Minotaur Fighter on Mar 14, 2021.
             Was a Priest of Trog.
             Mangled by an ogre
             ... wielding a +0 giant spiked club
              (16 damage)
             ... in the Dungeon (Sprint VII: "The Pits").
             The game lasted 00:01:08 (338 turns).

mhtbhm the Covered (Minotaur Fighter)                Turns: 338, Time: 00:01:09

Health: -8/52      AC: 15    Str: 21    XL:     5   Next: 23%
Magic:  4/4        EV:  5    Int:  5    God:    Trog [***...]
Gold:   0          SH: 11    Dex: 10    Spells: 4/4 levels left

rFire    . . .     SeeInvis .   a - +2 hand axe
rCold    . . .     Faith    .   c - +0 kite shield
rNeg     . . .     Spirit   .   b - +2 plate armour
rPois    .         Reflect  .   (helmet restricted)
rElec    .         Harm     .   (no cloak)
rCorr    .         Rampage  .   (no gloves)
Will     .....     NoTele   +   (no boots)
Stlth    ..........             (no amulet)
HPRegen  0.17/turn              (no ring)
MPRegen  0.09/turn              (no ring)

@: berserk cooldown, slowed, very slow
A: horns 2, retaliatory headbutt
a: Renounce Religion, Berserk, Trog's Hand


You were in the Dungeon.
You worshipped Trog.
Trog was most pleased with you.
You visited 1 branch

Inventory:

Hand Weapons
 a - a +2 hand axe (weapon)
Armour
 b - a +2 plate armour (worn)
 c - a +0 kite shield (worn)
Scrolls
 j - a scroll of blinking
 l - a scroll of summoning
Potions
 d - a potion of might
 e - 6 potions of curing
 f - 6 potions of heal wounds
 g - a potion of haste
 h - 4 potions of magic
 i - 3 potions of berserk rage
 k - 2 potions of invisibility


   Skills:
 + Level 7.1 Fighting
 + Level 6.0 Axes
 + Level 7.6 Armour
 + Level 2.1 Dodging
 + Level 7.4 Shields


You had 4 spell levels left.
You didn't know any spells.
Your spell library was empty.

Dungeon Overview and Level Annotations

Branches:
Dungeon (1/1)

Altars:
Cheibriados
Dithmenos
Elyvilon
Fedhas
Gozag
Hepliaklqana
Makhleb
Nemelex Xobeh
Okawaru
Qazlal
Ru
Sif Muna
Trog
Vehumet
Wu Jian
Xom
Yredelemnul
Zin
The Shining One
Beogh
Jiyva
Lugonu

Annotations:
D Terence


Innate Abilities, Weirdness & Mutations

You have a pair of horns on your head.
You reflexively headbutt those who attack you in melee.


Message History

The gnoll is severely wounded.
You hit the gnoll.
You kill the gnoll!
Trog accepts your kill.
You are no longer berserk.
You are exhausted.
You feel yourself slow down.
The gnoll sergeant hits you from afar with a +0 trident.
Your Axes skill increases to level 6!
You hit the ogre.
The ogre is lightly wounded.
Terence the Incautious comes into view.
He is wielding a +1 vorpal mace.
You block the ogre's attack.
The gnoll sergeant hits you from afar with a +0 trident.
The gnoll sergeant barely misses you. You block the ogre's attack.
Unknown command.
Your plate armour prevents you from hitting the ogre.
Your headbutt misses the ogre.
The ogre is lightly wounded.
You block the gnoll sergeant's attack.
The ogre hits you with a +0 giant spiked club!
You hit the ogre.
The ogre is moderately wounded.
The gnoll sergeant barely misses you. You block the ogre's attack.
The gnoll sergeant hits you but does no damage.
You slash the ogre! Your headbutt misses the ogre.
The ogre is heavily wounded.
The ogre hits you with a +0 giant spiked club!!
* * * LOW HITPOINT WARNING * * *
You block the gnoll sergeant's attack.
You barely miss the ogre.
The ogre is heavily wounded.
You block the gnoll sergeant's attack.
The ogre hits you with a +0 giant spiked club.
* * * LOW HITPOINT WARNING * * *
You block the gnoll sergeant's attack.
You slash the ogre!
The ogre is almost dead.
The ogre hits you with a +0 giant spiked club!
You die...

#.#...#)#))#####'###
#.#...†.#))##.......
#.##'####))##.......
#.#†)...#[[##.......
#.#.....#'###...<...
#.#........##.......
#.#........##.......
#'###########.......
#..@Og@.# ########
#.###gw.# #.# ..#
#.# .# #.h # #.h #..
####


You could see an ogre, a gnoll sergeant, Terence, a worm and a gnoll.

Vanquished Creatures
  An ice beast (D)
  A jelly (D)
  3 gnolls (D)
  An ooze (D)
  A bat (D)
  A giant cockroach (D)
  A goblin (D)
  2 jackals (D)
  A kobold (D)
  A ball python (D)
  A frilled lizard (D)
14 creatures vanquished.

Notes
Turn   | Place    | Note
-------+----------+-------------------------------------------
     0 | D        | mhtbhm the Minotaur Fighter began the quest for the Orb.
     0 | D        | Reached XP level 1. HP: 19/19 MP: 0/0
    20 | D        | Found a bloodstained altar of Trog.
    20 | D        | Found a shimmering blue altar of Sif Muna.
    20 | D        | Found a viscous altar of Jiyva.
    20 | D        | Found a hazy altar of Hepliaklqana.
    20 | D        | Found an opulent altar of Gozag.
    21 | D        | Found a glowing golden altar of the Shining One.
    21 | D        | Found a glowing silver altar of Zin.
    21 | D        | Found a basalt altar of Yredelemnul.
    21 | D        | Found a shimmering altar of Xom.
    21 | D        | Found an ornate altar of the Wu Jian Council.
    21 | D        | Found a sacrificial altar of Ru.
    21 | D        | Found a stormy altar of Qazlal.
    21 | D        | Found an iron altar of Okawaru.
    21 | D        | Found a sparkling altar of Nemelex Xobeh.
    21 | D        | Found a burning altar of Makhleb.
    21 | D        | Found a blossoming altar of Fedhas.
    21 | D        | Found a white marble altar of Elyvilon.
    21 | D        | Found a shadowy altar of Dithmenos.
    21 | D        | Found a snail-covered altar of Cheibriados.
    23 | D        | Found a radiant altar of Vehumet.
    23 | D        | Found a corrupted altar of Lugonu.
    25 | D        | Became a worshipper of Trog the Wrathful
    75 | D        | Reached XP level 2. HP: 16/28 MP: 1/1
   207 | D        | Reached * piety under Trog
   218 | D        | Reached skill level 5 in Shields
   218 | D        | Reached ** piety under Trog
   219 | D        | Reached skill level 5 in Armour
   223 | D        | Reached skill level 5 in Fighting
   223 | D        | Reached skill level 1 in Dodging
   223 | D        | Reached XP level 3. HP: 28/36 MP: 2/2
   319 | D        | Noticed a gnoll sergeant
   319 | D        | Noticed an ice beast
   323 | D        | Noticed an ogre
   328 | D        | Killed an ice beast
   328 | D        | Reached *** piety under Trog
   329 | D        | Reached skill level 5 in Axes
   329 | D        | Reached XP level 4. HP: 45/45 MP: 3/3
   329 | D        | Reached XP level 5. HP: 51/51 MP: 4/4
   333 | D        | Noticed Terence
   338 | D        | Mangled by an ogre

Illustrated notes

Levels and vault maps discovered:
D:        pitsprint [storerooms_1, entrance_room_1, metal_vault_2, armoury_2,
          mini_pit_1, grid_room_1, main_hall_1, silver_pit, the_coven_3,
          the_vestibule_1, steel_vault_5, golden_pit, hallway_of_sentries,
          crystal_vault_2, iron_vault_3, final_vault]

Skill      XL: |  1  2  3  4  5 |
---------------+----------------+-----
Fighting       | 4 5 6 7 |  7.1
Armour         | 4 5 7 |  7.6
Shields        | 4 5 7 |  7.4
Axes           | 3 4 5 6 |  6.0
Dodging        | 1 2 |  2.1

Action                   |  1- 3 |  4- 6 || total
-------------------------+-------+-------++-------
Melee: Hand axe          |    29 |    10 ||    39
       War axe           |     1 |       ||     1
       Headbutt          |     2 |     1 ||     3
Invok: Berserk           |     1 |       ||     1
Armor: Scale mail        |    18 |       ||    18
       Plate armour      |     7 |     3 ||    10
Dodge: Dodged            |    18 |     2 ||    20
Block: Kite shield       |    16 |     8 ||    24

Table legend: (Time is in decaauts)
 A = Elapsed time spent in this place.
 B = Non-inter-level travel time spent in this place.
 C = Inter-level travel time spent in this place.
 D = Time resting spent in this place.
 E = Time spent auto-exploring this place.
 F = Levels seen in this place.
 G = Mean time per level.
                   A        B        C        D        E       F      G
               +--------+--------+--------+--------+--------+-----+--------+
         Total |    348 |    348 |      0 |    128 |     66 |   1 |  348.0 |
       Dungeon |    348 |    348 |      0 |    128 |     66 |   1 |  348.0 |
               +--------+--------+--------+--------+--------+-----+--------+

Top non-repeatable levels by time:
       D: 348 daAuts
